AoeStats
← owengold23

Arabia

509032746Analyzed
1v1 RM · 9d ago on Sep 25, 2026· 37m 35s· 2 players
Game mode
Random Map
Map size
Tiny (2 player)
Population
200
Speed
Normal
Resources
Standard
Victory
Conquest
Starting age
Dark Age
Ending age
Imperial Age
RankedLock teamsTeams togetherTeam positionsShared explorationLock speedFull tech treeHidden civsTurbo modeCheats
Victory
Defeat
🇲🇽 Saxons · Mexico
1574
+21
🇦🇺 Jurchens · Australia
1685
-21
owengold23
5:07 Loom
8:31 Feudal Age
13:46 Double-Bit Axe
15:19 Fletching
21:10 Castle Age
19:18 Horse Collar
19:45 Padded Archer Armor
20:26 Gold Mining
22:24 Leather Archer Armor
23:35 Bow Saw
26:56 Wheelbarrow
37:57 Heavy Plow
florida
6:41 Loom
9:14 Feudal Age
9:51 Double-Bit Axe
10:47 Man-at-Arms
15:10 Padded Archer Armor
15:33 Fletching
17:08 Horse Collar
21:41 Castle Age
22:33 Bodkin Arrow
23:48 Leather Archer Armor
23:50 Bow Saw
23:49 Heavy Plow
24:36 Wheelbarrow
24:32 Gold Mining
25:07 Elite Skirmisher
28:44 Ballistics
37:26 Imperial Age
38:43 Ring Archer Armor
38:13 Bracer
Connection lost

Rejoining the realm…

Still unreachable

The connection could not be restored.

Session expired

The server has moved on; the page needs a fresh start.